 Dungeon Crawl Stone Soup version 0.25-a0-55-g0753fd1ad2 (webtiles) character file.

Game seed: 785621523068309068, levelgen mode: deterministic

587770 GordonOverkill the Cryomancer (level 26, -10/228 HPs)
             Began as a Yellow Draconian Fire Elementalist on Oct 20, 2019.
             Was the Champion of Vehumet.
             Engulfed by a cloud of freezing vapour (30 damage)
             ... on level 3 of the Realm of Zot on Oct 25, 2019.
             The game lasted 06:56:05 (120406 turns).

GordonOverkill the Cryomancer (DrFE)              Turns: 120406, Time: 06:56:06

Health: -10/228    AC: 23    Str: 11 (14) XL:     26   Next: 12%
Magic:  29/53      EV: 17    Int: 24 (27) God:    Vehumet [******]
Gold:   2672       SH: 19    Dex: 12 (13) Spells: 4/60 levels left

rFire    + . .     SeeInvis +   b - +9 demon whip (elec)
rCold    . . .     Gourm    .   U - +1 shield {reflect}
rNeg     . . .     Faith    .   (armour unavailable)
rPois    .         Spirit   .   W - +2 hat {Int+3}
rElec    .         Reflect  +   t - +2 cloak of the Eleven Gods {Dex+3 SInv}
rCorr    +         Harm     .   F - +2 pair of gloves of Dishonesty {+Inv MR+ Str+3 Dex-5}
MR       +++..                  B - +2 pair of boots {Fly}
Stlth    ++........             o - +6 amulet of reflection
HPRegen  0.48/turn              r - ring of magical power
MPRegen  0.33/turn              q - ring "Piot" {+Blink rF+ MR+}

@: lethally poisoned (-10 -> -12), flying, starving, slowed, lightly drained,
very slow
A: spit acid, unfitting armour, deterioration 1, mutation resistance 1, acidic
bite, cold-blooded, acid resistance, AC +12
}: 3/15 runes: serpentine, barnacled, slimy
a: Breathe Acid, Renounce Religion, Evoke Blink, Evoke Invisibility, Stop Flying


You were on level 3 of the Realm of Zot.
You worshipped Vehumet.
Vehumet was exalted by your worship.
You were starving.

You visited 11 branches of the dungeon, and saw 52 of its levels.
You also visited: Ice Cave.

You collected 7583 gold pieces.
You spent 4911 gold pieces at shops.

Inventory:

Hand Weapons
 a - the +3 Elemental Staff {rElec rF++ rC++ MR++ AC+5}
   (You found it on level 2 of the Depths)

   It affects your AC (+5).
   It greatly protects you from fire.
   It greatly protects you from cold.
   It insulates you from electricity.
   It affects your resistance to hostile enchantments.
 b - a +9 demon whip of electrocution (weapon)
 z - a +2 antimagic demon whip
Missiles
 c - 2 throwing nets (quivered)
Armour
 t - the +2 cloak of the Eleven Gods (worn) {Dex+3 SInv}
   (You acquired it in an ice cave)

   It affects your dexterity (+3).
   It lets you see invisible.
 B - a +2 pair of boots of flying (worn)
 F - the +2 pair of gloves of Dishonesty (worn) {+Inv MR+ Str+3 Dex-5}
   (You acquired it on level 1 of the Snake Pit)

   It affects your strength (+3).
   It affects your dexterity (-5).
   It affects your resistance to hostile enchantments.
   It lets you turn invisible.
 U - a +1 shield of reflection (worn)
 W - a +2 hat of intelligence (worn)
Jewellery
 o - a +6 amulet of reflection (around neck)
 q - the ring "Piot" (right hand) {+Blink rF+ MR+}
   (You acquired it on level 3 of the Elven Halls)

   [ring of protection from magic]

   It protects you from fire.
   It affects your resistance to hostile enchantments.
   It lets you blink.
 r - a ring of magical power (left hand)
 w - the ring "Firchaekh" {+Fly rElec rF++ rC+ Str-3}
   (You acquired it on level 3 of the Elven Halls)

   [ring of protection from cold]

   It affects your strength (-3).
   It greatly protects you from fire.
   It protects you from cold.
   It insulates you from electricity.
   It lets you fly.
 T - the ring "Eckes" {Fire +Inv Int+2 SInv Stlth+}
   (You acquired it on level 3 of the Elven Halls)

   [ring of fire]

   It enhances your fire magic.
   It affects your intelligence (+2).
   It protects you from fire.
   It makes you vulnerable to cold.
   It lets you see invisible.
   It lets you turn invisible.
   It makes you more stealthy.
 Y - the ring of the Traitor {rPois rC- EV+3 Int+4 Slay+6}
   (You found it on level 5 of the Pits of Slime)

   [ring of evasion]

   It affects your evasion (+3).
   It affects your intelligence (+4).
   It affects your accuracy and damage with ranged weapons and melee attacks
   (+6).
   It makes you vulnerable to cold.
   It protects you from poison.
Wands
 p - a wand of digging (11)
 M - a wand of acid (29)
 S - a wand of clouds (4)
 Z - a wand of paralysis (12)
Scrolls
 d - 7 scrolls of amnesia
 e - 5 scrolls of fear
 f - 2 scrolls of holy word
 k - 15 scrolls of teleportation
 l - 7 scrolls of enchant armour
 n - 26 scrolls of remove curse
 s - 8 scrolls of immolation
 y - a scroll of silence
 D - 4 scrolls of fog
 K - 2 scrolls of blinking
 O - 4 scrolls of magic mapping
 Q - 3 scrolls of identify
 V - a scroll of summoning
Potions
 g - 2 potions of agility
 i - 2 potions of berserk rage
 j - 10 potions of lignification
 m - a potion of magic
 x - 4 potions of ambrosia
 A - 8 potions of mutation
 C - 2 potions of invisibility
 E - 7 potions of might
 H - 3 potions of resistance
 J - 15 potions of curing
 N - 6 potions of heal wounds
 P - 5 potions of cancellation
 X - 8 potions of brilliance
Miscellaneous
 h - a box of beasts
 G - 4 phantom mirrors
 I - a lamp of fire
Comestibles
 u - 29 rations
 v - 3 chunks of flesh


   Skills:
 - Level 17.0(16.2) Fighting
 - Level 12.0(11.3) Maces & Flails
 - Level 10.0(9.4) Dodging
 - Level 2.0(1.5) Stealth
 - Level 15.0(14.3) Shields
 + Level 17.7(17.0) Spellcasting
 + Level 21.5(20.8) Conjurations
 - Level 6.0(5.4) Charms
 - Level 5.0(4.4) Summonings
 - Level 6.0(5.4) Necromancy
 - Level 8.0(7.4) Fire Magic
 + Level 21.6(20.8) Ice Magic
 - Level 15.0(14.3) Air Magic
 - Level 7.0(6.4) Evocations


You had 4 spell levels left.
You knew the following spells:

 Your Spells              Type           Power        Failure   Level  Hunger
a - Glaciate              Conj/Ice       #######...   16%         9    #######
b - Dispel Undead         Necr           #####...     9%          5    None
c - Sticky Flame          Conj/Fire      ######..     1%          4    None
d - Fireball              Conj/Fire      ######....   1%          5    None
e - Throw Icicle          Conj/Ice       #######.     0%          4    None
f - Airstrike             Air            ######....   1%          4    None
g - Bolt of Cold          Conj/Ice       #######...   1%          6    ####...
h - Orb of Destruction    Conj           #######...   1%          7    #####..
i - Summon Lightning Spi  Summ/Air       ######..     1%          4    None
j - Deflect Missiles      Chrm/Air       ######....   8%          6    ####...
k - Passwall              Tmut/Erth      ###.....     4%          2    None

Your spell library contained the following spells:

 Spells                   Type           Power        Failure   Level  Hunger
 Chain Lightning          Conj/Air       #######...   4%          8    #######
 Fire Storm               Conj/Fire      ######....   88%         9    #######
 Flame Tongue             Conj/Fire      #####        0%          1    None
 Freeze                   Ice            ####         0%          1    None
 Shock                    Conj/Air       ####         0%          1    None
 Throw Flame              Conj/Fire      ######       0%          2    None
 Throw Frost              Conj/Ice       ######       0%          2    None
 Static Discharge         Conj/Air       #######.     0%          3    None
 Sandblast                Erth           ###...       1%          1    None
 Summon Small Mammal      Summ           ####         1%          1    None
 Call Imp                 Summ           #####...     1%          2    None
 Corpse Rot               Necr           N/A          1%          2    None
 Ensorcelled Hibernation  Hex/Ice        ######       1%          2    None
 Poisonous Vapours        Pois/Air       ######       1%          2    None
 Sublimation of Blood     Necr           #####.....   1%          2    None
 Swiftness                Chrm/Air       ######..     1%          2    None
 Call Canine Familiar     Summ           #####...     1%          3    None
 Conjure Flame            Conj/Fire      ######..     1%          3    None
 Dazzling Spray           Conj/Hex       ######       1%          3    None
 Inner Flame              Hex/Fire       #####...     1%          3    None
 Mephitic Cloud           Conj/Pois/Air  ######..     1%          3    None
 Ozocubu's Armour         Chrm/Ice       ######..     1%          3    None
 Ice Form                 Ice/Tmut       ######..     1%          4    None
 Summon Ice Beast         Ice/Summ       ######..     1%          4    None
 Beastly Appendage        Tmut           ###...       2%          1    None
 Confusing Touch          Hex            ###...       2%          1    None
 Corona                   Hex            ###....      2%          1    None
 Recall                   Summ/Tloc      N/A          3%          3    None
 Summon Guardian Golem    Hex/Summ       ####....     3%          3    None
 Slow                     Hex            ###.....     4%          2    None
 Sticks to Snakes         Tmut           ###.....     4%          2    None
 Confuse                  Hex            ###.....     9%          3    None
 Gell's Gravitas          Tloc           ###.......   9%          3    None
 Portal Projectile        Hex/Tloc       ###...       9%          3    None
 Spider Form              Tmut/Pois      ###.......   9%          3    None
 Tukima's Dance           Hex            ###.....     9%          3    None
 Cause Fear               Hex            ###.......   26%         4    None
 Leda's Liquefaction      Hex/Erth       ###.......   26%         4    None
 Passage of Golubria      Tloc           N/A          26%         4    None
 Petrify                  Tmut/Erth      ###.....     26%         4    None
 Bolt of Draining         Conj/Necr      ######....   1%          5    None
 Bolt of Magma            Conj/Fire/Erth ######....   1%          5    None
 Irradiate                Conj/Tmut      ######....   1%          5    None
 Lightning Bolt           Conj/Air       #######...   1%          5    None
 Metabolic Englaciation   Hex/Ice        ######....   1%          5    None
 Bolt of Fire             Conj/Fire      ######....   1%          6    ####...
 Conjure Ball Lightning   Conj/Air       #######...   1%          6    ####...
 Freezing Cloud           Conj/Ice/Air   #######...   1%          6    ####...
 Iron Shot                Conj/Erth      ######....   1%          6    ####...
 Poison Arrow             Conj/Pois      ######....   1%          6    ####...
 Silence                  Hex/Air        ######....   4%          5    None
 Agony                    Necr           #####...     9%          5    None
 Excruciating Wounds      Chrm/Necr      #####.....   9%          5    None
 Aura of Abjuration       Summ           #####.....   12%         5    None
 Summon Demon             Summ           #####.....   12%         5    None
 Lee's Rapid Deconstruct  Erth           ###.......   19%         5    None
 Yara's Violent Unravell  Hex/Tmut       ###.......   19%         5    None
 Borgnjor's Vile Clutch   Necr/Erth      ####......   26%         5    None
 Summon Forest            Summ/Tloc      ####......   30%         5    None
 Summon Mana Viper        Hex/Summ       ####....     30%         5    None
 Lehudib's Crystal Spear  Conj/Erth      ######....   52%         8    #######
 Shadow Creatures         Summ           N/A          56%         6    ####...
 Blade Hands              Tmut           ###.......   58%         5    None
 Ring of Flames           Chrm/Fire      ######....   86%         7    #####..
 Tornado                  Air            ######....   86%         9    #######
 Monstrous Menagerie      Summ           #####.....   98%         7    #####..
 Summon Greater Demon     Summ           #####.....   98%         7    #####..
 Darkness                 Hex            ###.......   99%         6    ####...
 Hydra Form               Tmut           ###.......   99%         6    ####...
 Invisibility             Hex            ###.....     99%         6    ####...
 Statue Form              Tmut/Erth      ###......    99%         6    ####...
 Dragon Form              Tmut           ###.......   100%        7    #####..
 Malign Gateway           Summ/Tloc      ####......   100%        7    #####..
 Discord                  Hex            ###.......   100%        8    #######
 Summon Horrible Things   Summ           #####.....   100%        8    #######
 Shatter                  Erth           ###.......   100%        9    #######


Dungeon Overview and Level Annotations

Branches:
Dungeon (15/15)            Temple (1/1) D:5            Lair (6/6) D:9
 Shoals (4/4) Lair:2        Snake (4/4) Lair:3        Slime (5/5) Lair:6
    Orc (2/2) D:9             Elf (3/3) Orc:2        Vaults (4/5) D:13
  Crypt (0/3) Vaults:3     Depths (5/5) D:15            Zot (3/5) Depths:5
  IceCv (visited)

Altars:
Ashenzari
Cheibriados
Dithmenos
Elyvilon
Fedhas
Gozag
Hepliaklqana
Kikubaaqudgha
Makhleb
Nemelex Xobeh
Okawaru
Qazlal
Ru
Sif Muna
Trog
Uskayaw
Vehumet
Wu Jian
Xom
Yredelemnul
Zin
The Shining One
Beogh
Jiyva

Shops:
D:8 !   D:11 [   D:13 (   Orc:2 ?[=   Elf:3 (   Shoals:2 (   Vaults:1 (
Depths:3 [[[   Depths:4 }}=

Portals:
Hell: Depths:1 Depths:2 Depths:3 Depths:4 Depths:5
Abyss: Depths:1 Depths:3 Depths:4
Pandemonium: Depths:1 Depths:3
Ziggurat: Depths:4

Annotations:
Snake:3 exclusion: downstairs
Vaults:3 exclusion: obsidian statue


Innate Abilities, Weirdness & Mutations

You can spit globs of acid.
Your golden yellow scales are hard. (AC +12)
You cannot fit into any form of body armour.
You have acidic saliva.
You are cold-blooded and may be slowed by cold attacks.
You are resistant to acid. (rCorr)
Your body sometimes deteriorates upon taking damage.
You are somewhat resistant to further mutation.


Message History

The green draconian hits your green draconian with a +2 war axe of venom!
The green draconian tail-slaps your green draconian but does no damage.
Your green draconian hits the green draconian with a +2 vampiric halberd!
Your green draconian is healed.
Your green draconian tail-slaps the green draconian.
Your ghost moth is engulfed in freezing vapours.
Your ghost moth hits the white draconian knight but does no damage. x2
Your ghost moth stings the white draconian knight but does no damage.
The white draconian knight is engulfed in poison gas.
The white draconian knight looks as sick as possible!
The death cob hits you!
* * * LOW HITPOINT WARNING * * *
The death cob drains your vigour!
You feel as though you will be slow longer.
Your blink will be uncontrolled - continue anyway?
The Orb prevents control of your translocation!
You blink.
As you read the scroll of blinking, it crumbles to dust.
You are engulfed in freezing vapours.
You die...

# #. .. #. ## #○☼ .#
###.○☼#######○###.##
..'☼○dd§z°y§@§°.....
..#.○☼..zq§8○☼##..##
#..°°X○8.##§○...
###..○§○○# ..##.
######§# ..# .°# ..#
... ... ........
..##


You could see a white draconian knight (invisible), a green draconian, 2 death
cobs, a friendly tentacled monstrosity, a friendly green draconian and a
friendly ghost moth (invisible).

Vanquished Creatures
  the Royal Jelly (Slime:5)
  The ghost of Fiygea Boloq the Wrestler, a legendary TrMo of Okawaru (Depths:2)
  2 juggernauts (Depths:3)
  An ancient lich (Zot:2)
  5 Killer Klowns (Zot:2)
  Saint Roka (Elf:2)
  4 golden dragons
  2 caustic shrikes (Depths:3)
  the Enchantress (Depths:3)
  9 tentacled monstrosities
  An electric golem (Zot:1)
  An Ice Fiend (IceCv)
  Jorgrun (D:15)
  8 liches
  2 titans
  30 acid blobs
  A quicksilver dragon (Zot:2)
  Rupert (Lair:5)
  A deep elf master archer (Elf:3)
  2 deep elf blademasters (Elf:3)
  Frances (Elf:1)
  Gastronok (Lair:2)
  4 death cobs
  2 sphinxes (Vaults:4)
  5 shadow dragons
  2 krakens
  2 storm dragons (Zot:2)
  3 tengu reavers
  Donald (Elf:3)
  5 draconian monks
  15 azure jellies
  12 nagarajas
  Kirke (Lair:5)
  5 iron dragons
  A draconian knight (Zot:2)
  10 fire giants
  3 draconian scorchers
  2 balrugs
  10 frost giants
  8 vault wardens
  2 deep elf sorcerers (Elf:3)
  4 draconian shifters
  Aizul (Snake:2)
  An orc warlord (Orc:2)
  11 ironheart preservers
  A draconian annihilator (Zot:1)
  10 stone giants
  A draconian stormcaller (Zot:2)
  5 deep elf elementalists
  5 spriggan defenders
  10 very ugly things
  The ghost of Samekhe the Brawler, a journeyman TrFi of Jiyva (Lair:4)
  3 vampire knights
  6 deep elf demonologists (Elf:3)
  6 black draconians
  4 purple draconians
  4 deep elf annihilators (Elf:3)
  8 green draconians
  4 red draconians
  3 white draconians
  3 spark wasps (Depths:2)
  A dire elephant (D:15)
  7 yellow draconians
  10 merfolk impalers
  A blizzard demon (Depths:3)
  12 merfolk javelineers
  8 death oozes
  5 ettins
  5 fire dragons
  2 deep elf death magi
  10 great orbs of eyes
  8 yaktaur captains
  3 deep elf high priests
  7 ogre magi
  14 naga warriors
  9 hydras
  2 rakshasas
  5 vault guards
  7 ice dragons
  4 merfolk avatars
  Erolcha (D:12)
  8 centaur warriors
  A spriggan air mage (Depths:3)
  An alligator snapping turtle (Shoals:3)
  11 anacondas
  6 merfolk aquamancers
  2 catoblepae
  34 two-headed ogres
  8 deep troll shamans
  A queen ant (shapeshifter) (Vaults:3)
  5 satyrs
  3 tengu warriors
  A two-headed ogre (shapeshifter) (D:13)
  7 death yaks
  6 deep troll earth magi
  A soul eater (Depths:1)
  A vampire mage (Depths:4)
  25 dancing weapons
  7 naga sharpshooters (Snake:4)
  5 spriggan berserkers
  12 shock serpents
  4 orc high priests (Orc:2)
  Urug (D:13)
  3 sun demons
  8 iron trolls
  18 deep elf knights
  3 salamander mystics
  A sixfirhy (Depths:1)
  3 skeletal warriors (Vaults:1)
  A fire crab (shapeshifter) (Vaults:3)
  A shadow wraith (Vaults:4)
  6 sea snakes
  15 deep elf archers
  21 deep trolls
  An infernal demonspawn (Depths:1)
  4 flayed ghosts
  3 glowing orange brains
  16 ironbrand convokers
  8 hell knights (Depths:5)
  3 necromancers
  12 naga ritualists
  A lindwurm (shapeshifter) (Vaults:1)
  14 orc knights
  8 mana vipers (Snake:1)
  A kraken simulacrum (Shoals:4)
  2 phantasmal warriors (Depths:5)
  6 shining eyes
  3 wizards
  A wolf spider zombie (D:15)
  6 oklob plants
  10 harpies
  A mana viper (shapeshifter) (Vaults:3)
  35 ugly things
  59 deep elf magi
  20 salamanders
  5 wolf spiders
  6 orc sorcerers
  11 cyclopes
  18 manticores
  An elephant (shapeshifter) (Depths:3)
  12 fauns
  A cyclops (shapeshifter) (Vaults:4)
  5 elephants (Lair:6)
  11 moths of wrath
  Maurice (D:12)
  18 guardian serpents
  8 merfolk sirens
  4 rust devils (Depths:5)
  An ice statue (IceCv)
  6 vault sentinels
  Psyche (D:9)
  A guardian serpent (shapeshifter) (Depths:2)
  A stone giant skeleton (Vaults:1)
  3 water nymphs
  19 naga magi
  3 orange demons (Elf:2)
  57 black mambas
  5 eyes of devastation
  A gargoyle (D:12)
  14 spiny frogs
  5 spectral swamp worms (Depths:3)
  2 torpor snails
  2 rime drakes (Shoals:4)
  An efreet (D:14)
  2 kobold demonologists
  A rime drake (shapeshifter) (Depths:3)
  7 freezing wraiths
  5 ice devils
  2 human zombies (Vaults:1)
  2 anaconda simulacra (IceCv)
  9 komodo dragons
  A redback zombie (D:15)
  4 tengu conjurers
  A golden dragon simulacrum (IceCv)
  2 hellwings
  3 meliai (D:15)
  40 yaktaurs
  10 polar bears
  A red devil (Depths:1)
  A hornet (shapeshifter) (Elf:1)
  6 trolls
  12 hornets
  A queen bee (D:15)
  37 merfolk
  A wind drake (shapeshifter) (Vaults:3)
  A raiju (Lair:6)
  8 hippogriffs
  12 wind drakes
  12 snapping turtles
  4 blink frogs (Lair:2)
  115 slime creatures
  A slime creature (shapeshifter) (Vaults:2)
  16 dream sheep
  A frost giant simulacrum (Vaults:3)
  10 spriggans
  A tarantella (shapeshifter) (Depths:4)
  14 wyverns
  5 centaur simulacra
  2 dire elephant simulacra (IceCv)
  3 air elementals
  A shadow (D:10)
  21 water elementals
  50 yaks
  6 hogs
  A human (D:12)
  5 wraiths
  2 fire elementals
  A basilisk (Lair:5)
  5 steam dragons (Shoals:4)
  A golden eye (Slime:5)
  9 vampire mosquitoes
  A death yak simulacrum (IceCv)
  4 hungry ghosts
  17 wargs
  2 soldier ants
  57 nagas
  33 water moccasins
  2 iron troll simulacra (IceCv)
  3 acid dragons
  2 harpy simulacra (IceCv)
  14 hell hounds (Lair:6)
  5 hydra simulacra (IceCv)
  8 porcupines
  56 orc warriors
  The ghost of endorz the Ruffian, an amateur TrFi (D:3)
  2 ettin simulacra
  12 black bears
  2 ice beasts
  An ice beast (shapeshifter) (Depths:1)
  5 sky beasts
  7 phantoms
  A necrophage (D:7)
  An ogre (shapeshifter) (Depths:5)
  32 ogres
  8 eyes of draining
  14 boggarts
  20 wolves
  21 centaurs
  14 crocodiles
  2 big kobolds (D:13)
  14 bullfrogs
  A wyvern zombie (D:10)
  2 gnoll sergeants (D:6)
  Blork the orc (D:4)
  A glowing shapeshifter simulacrum (Vaults:1)
  A wyvern skeleton (D:10)
  2 earth elementals
  A scorpion (shapeshifter) (Depths:3)
  4 scorpions
  An elephant simulacrum (IceCv)
  29 killer bees
  An elf simulacrum (Vaults:3)
  11 wights
  6 electric eels
  The ghost of Askman the Magician, a weakling GnWz (D:6)
  4 howler monkeys
  10 crimson imps
  6 centaur zombies
  5 draconian simulacra (IceCv)
  7 hounds
  3 bullfrog zombies
  2 quasits (Depths:3)
  A gnoll shaman (D:6)
  5 iron imps
  41 orc priests
  A jelly (D:9)
  A bullfrog skeleton (D:5)
  26 orc wizards
  5 centaur skeletons
  Terence (D:3)
  4 iguanas
  14 worker ants
  A troll simulacrum (IceCv)
  2 spriggan simulacra (IceCv)
  A killer bee zombie (D:8)
  A wolf simulacrum (IceCv)
  6 ogre zombies (D:9)
  A worker ant zombie (D:10)
  11 gnolls
  18 adders
  4 naga simulacra (IceCv)
  2 ogre simulacra (IceCv)
  5 shadow imps
  7 white imps
  5 ufetubi
  An ooze (D:2)
  2 adder skeletons
  A worm (shapeshifter) (Vaults:2)
  8 worms
  A dart slug (D:1)
  5 leopard geckos
  159 orcs
  2 ball pythons
  12 bats
  5 giant cockroaches
  11 goblins
  11 hobgoblins
  9 jackals
  9 quokkas
  7 frilled lizards
  A goblin skeleton (D:9)
  4 goblin zombies (D:9)
  A hobgoblin skeleton (D:9)
  11 kobolds
  An orc skeleton (D:9)
  12 orc zombies (D:9)
  A quokka skeleton (D:5)
  9 rats
  A block of ice (Elf:2)
  4 plants
  A tentacle (Shoals:1)
2416 creatures vanquished.

Vanquished Creatures (collateral kills)
  An acid blob (Slime:5)
  2 vault wardens
  A deep elf sorcerer (Elf:3)
  A deep elf elementalist (Elf:3)
  2 very ugly things (Vaults:2)
  2 ironheart preservers (Vaults:3)
  2 deep elf demonologists (Elf:3)
  2 purple draconians (Zot:1)
  An ettin (D:14)
  A death ooze (Depths:3)
  A merfolk impaler (Shoals:1)
  A deep elf high priest (Elf:3)
  An ogre mage (Vaults:2)
  3 vault guards
  A centaur warrior (Vaults:3)
  An anaconda (Snake:4)
  A two-headed ogre (Depths:3)
  A death knight (Vaults:4)
  A spriggan (Depths:4)
  3 deep elf knights (Elf:1)
  2 deep trolls
  A wizard (Vaults:2)
  5 deep elf archers
  A harpy (Vaults:2)
  2 ironbrand convokers
  2 orc knights
  2 wolf spiders
  4 ugly things (Vaults:1)
  An orc sorcerer (Vaults:4)
  13 deep elf magi
  A black mamba (Snake:1)
  A naga mage (Snake:4)
  A guardian serpent (shapeshifter) (Vaults:4)
  2 vault sentinels
  A spiny frog (shapeshifter) (Vaults:4)
  8 yaktaurs
  A merfolk (Shoals:3)
  A troll (Vaults:4)
  A queen bee (shapeshifter) (Elf:2)
  A hornet (Depths:4)
  6 slime creatures
  A fire dragon skeleton (Vaults:1)
  A naga (Snake:2)
  An eye of draining (Slime:2)
  3 ogres
  A boggart (Vaults:1)
  A human skeleton (Vaults:1)
  A centaur (Vaults:3)
  2 scorpions (Elf:2)
  An orc priest (Vaults:2)
  An orc wizard (Vaults:3)
  6 orcs
105 creatures vanquished.

Vanquished Creatures (others)
  Mara (Elf:3)
  A deep elf master archer (Elf:3)
  4 stone giants
  Nessos (Lair:6)
  The ghost of Ablot the Thaumaturge, a journeyman GnSk of Okawaru (D:14)
  3 yaktaur captains
  2 satyrs
  2 centaur warriors
  2 naga sharpshooters (Snake:2)
  A deep elf archer (Vaults:3)
  2 fauns (Shoals:2)
  A wolf spider (D:14)
  4 cyclopes
  6 yaktaurs
  A merfolk (Shoals:4)
  A red devil (Depths:3)
  A water elemental (D:15)
  3 humans (Lair:6)
  A water moccasin (Lair:6)
  2 orc warriors
  4 centaurs
  An iguana (D:8)
  A worker ant (D:8)
  A white imp (IceCv)
  An ufetubus (IceCv)
  8 orcs
  A kobold (D:2)
  A quokka (D:3)
  55 blocks of ice
  15 fungi
  79 plants
  13 tentacles
220 creatures vanquished.

Grand Total: 2741 creatures vanquished

Notes
Turn   | Place    | Note
-------+----------+-------------------------------------------
     0 | D:1      | GordonOverkill the Draconian Fire Elementalist began the
                  | quest for the Orb.
     0 | D:1      | Reached XP level 1. HP: 14/14 MP: 3/3
   541 | D:2      | Reached XP level 2. HP: 20/20 MP: 1/5
  1253 | D:1      | Reached XP level 3. HP: 26/26 MP: 3/6
  1826 | D:2      | Reached XP level 4. HP: 29/33 MP: 2/8
  2229 | D:2      | Found an iron altar of Okawaru.
  2546 | D:2      | Learned a level 3 spell: Conjure Flame
  2551 | D:2      | Learned a level 4 spell: Sticky Flame
  2773 | D:2      | Reached XP level 5. HP: 38/38 MP: 9/9
  3123 | D:3      | Found a white marble altar of Elyvilon.
  3125 | D:3      | Found a runed translucent gate.
  3126 | D:3      | Found a runed translucent gate.
  3126 | D:3      | Found an opulent altar of Gozag.
  3127 | D:3      | Found a runed translucent gate.
  3127 | D:3      | Noticed Terence
  3177 | D:2      | Reached skill level 1 in Maces & Flails
  3575 | D:3      | Noticed endorz's ghost (amateur TrFi)
  3575 | D:3      | Noticed a hungry ghost
  3810 | D:3      | Killed Terence
  4037 | D:4      | Reached XP level 6. HP: 45/45 MP: 9/11
  4354 | D:4      | Noticed Blork the orc
  4697 | D:4      | Killed Blork the orc
  4697 | D:4      | Your scales start taking on a golden yellow colour.
  4697 | D:4      | Reached XP level 7. HP: 39/50 MP: 10/13
  4697 | D:4      | Gained mutation: You are resistant to acid. (rCorr) [Yellow
                  | Draconian growth]
  5065 | D:4      | Reached skill level 5 in Maces & Flails
  5609 | D:5      | Entered Level 5 of the Dungeon
  5615 | D:5      | Reached skill level 1 in Evocations
  5835 | D:4      | Reached XP level 8. HP: 51/57 MP: 12/14
  6293 | D:5      | Found a staircase to the Ecumenical Temple.
  7050 | Temple   | Entered the Ecumenical Temple
  7189 | Temple   | Became a worshipper of Vehumet
  7206 | D:5      | Learned a level 5 spell: Fireball
  7213 | D:6      | Found a transporter.
  7396 | D:6      | Reached skill level 5 in Conjurations
  7469 | D:6      | Reached skill level 5 in Spellcasting
  7469 | D:6      | Reached skill level 5 in Fire Magic
  7625 | D:6      | Found a transporter.
  7628 | D:6      | Identified the +10 trident "Rugual" {elec, Str+2}
  7629 | D:6      | Noticed Askman's ghost (weakling GnWz)
  8369 | D:7      | Reached XP level 9. HP: 54/62 MP: 10/16
 10042 | D:8      | Found a transporter.
 10043 | D:8      | Found a white marble altar of Elyvilon.
 10043 | D:8      | Noticed a centaur warrior
 10044 | D:8      | Found a blossoming altar of Fedhas.
 10055 | D:8      | Reached skill level 1 in Fighting
 10056 | D:8      | Found a transporter.
 10190 | D:8      | Found an ornate altar of the Wu Jian Council.
 10453 | D:8      | Found Tiehiob's Distillery.
 10461 | D:8      | Bought a potion of haste for 110 gold pieces
 10461 | D:8      | Bought a potion of might for 44 gold pieces
 10461 | D:8      | Bought 2 potions of invisibility for 176 gold pieces
 10841 | D:8      | Reached * piety under Vehumet
 10841 | D:8      | Offered knowledge of Shock by Vehumet.
 11364 | D:9      | Noticed a two-headed ogre
 11371 | D:9      | Killed a two-headed ogre
 11371 | D:9      | Reached XP level 10. HP: 64/77 MP: 17/17
 11638 | D:9      | Found an iron altar of Okawaru.
 11994 | D:9      | Found a staircase to the Lair.
 12001 | D:9      | Noticed Psyche
 12016 | D:9      | Killed Psyche
 12016 | D:9      | Reached skill level 10 in Maces & Flails
 12234 | D:9      | Found a staircase to the Orcish Mines.
 12279 | D:9      | Offered knowledge of Throw Frost by Vehumet.
 12384 | D:9      | Reached ** piety under Vehumet
 13378 | D:10     | Entered Level 10 of the Dungeon
 13424 | D:10     | Offered knowledge of Searing Ray by Vehumet.
 13551 | D:10     | Noticed a cyan ugly thing
 13560 | D:10     | Killed a cyan ugly thing
 13661 | D:10     | Noticed an eight-headed hydra
 13669 | D:10     | Killed an eight-headed hydra
 13669 | D:10     | Reached XP level 11. HP: 9/83 MP: 18/18
 13998 | D:10     | Noticed a two-headed ogre
 14005 | D:10     | Killed a two-headed ogre
 14055 | D:10     | Reached *** piety under Vehumet
 14708 | D:6      | Killed Askman's ghost
 15100 | D:8      | Killed a centaur warrior
 15398 | D:3      | Killed endorz's ghost
 15980 | D:10     | Reached skill level 5 in Fighting
 16390 | D:10     | Offered knowledge of Ignite Poison by Vehumet.
 16477 | D:11     | Found Xuugucipt's Armour Emporium.
 16485 | D:11     | Bought a +1 cloak for 161 gold pieces
 16508 | D:11     | Noticed a brown ugly thing
 16520 | D:11     | Killed a brown ugly thing
 16575 | D:11     | Noticed a two-headed ogre
 16596 | D:11     | Killed a two-headed ogre
 16820 | D:10     | Noticed a two-headed ogre
 16831 | D:10     | Killed a two-headed ogre
 17530 | D:10     | Reached XP level 12. HP: 100/100 MP: 15/20
 17763 | D:10     | Noticed a two-headed ogre
 17781 | D:10     | Killed a two-headed ogre
 17790 | D:10     | Reached **** piety under Vehumet
 18189 | D:10     | Offered knowledge of Force Lance by Vehumet.
 19353 | D:12     | Noticed Erolcha
 19501 | D:12     | Reached ***** piety under Vehumet
 19501 | D:12     | Reached skill level 10 in Conjurations
 19741 | D:13     | Found a glowing silver altar of Zin.
 20182 | D:12     | Offered knowledge of Irradiate by Vehumet.
 20687 | D:12     | Noticed Maurice
 20695 | D:12     | Killed Maurice
 20695 | D:12     | Reached skill level 5 in Dodging
 21662 | Lair:1   | Entered Level 1 of the Lair of Beasts
 22946 | Lair:1   | Reached XP level 13. HP: 103/111 MP: 10/23
 23823 | Lair:2   | Noticed Gastronok
 23869 | Lair:2   | Killed Gastronok
 23869 | Lair:2   | Reached skill level 5 in Evocations
 24230 | Lair:2   | Reached skill level 10 in Fighting
 24421 | Lair:2   | Found a staircase to the Shoals.
 25422 | Lair:3   | Learned a level 4 spell: Throw Icicle
 25734 | Lair:3   | Reached skill level 1 in Ice Magic
 25915 | Lair:3   | Found a staircase to the Snake Pit.
 26510 | Lair:4   | Offered knowledge of Airstrike by Vehumet.
 26510 | Lair:4   | Reached skill level 5 in Ice Magic
 26516 | Lair:4   | Learned a level 4 spell: Airstrike
 27610 | Lair:4   | Found a runed translucent door.
 27615 | Lair:4   | Identified the +9 spear of Mayhem {pierce, rElec rC++ Int-4
                  | Dex+4}
 27616 | Lair:4   | Noticed Samekhe's ghost (journeyman TrFi)
 27966 | Lair:5   | Noticed Rupert
 28073 | Lair:5   | Reached skill level 10 in Ice Magic
 28101 | Lair:5   | Paralysed by Rupert for 2 turns
 28106 | Lair:5   | Killed Rupert
 28383 | Lair:4   | Gained mutation: You have acidic saliva. [Yellow Draconian
                  | growth]
 28383 | Lair:4   | Reached XP level 14. HP: 92/121 MP: 25/26
 29368 | Lair:6   | Entered Level 6 of the Lair of Beasts
 30271 | Lair:6   | Noticed Nessos
 30276 | Lair:6   | Killed Nessos
 30277 | Lair:6   | Offered knowledge of Bolt of Cold by Vehumet.
 30443 | Lair:5   | Learned a level 6 spell: Bolt of Cold
 31642 | Lair:6   | Noticed Kirke
 31771 | Lair:5   | Killed Kirke
 31832 | Lair:6   | Found a staircase to the Slime Pits.
 33938 | Lair:6   | Reached XP level 15. HP: 111/132 MP: 28/28
 34154 | Lair:6   | Offered knowledge of Ozocubu's Refrigeration by Vehumet.
 34155 | Lair:6   | Reached skill level 10 in Spellcasting
 35204 | D:9      | Upgraded the game from 0.25-a0-36-g303dd5b1f4 to
                  | 0.25-a0-41-g6cf4ce537d
 35811 | D:13     | Found a gate to the Vaults.
 35965 | D:13     | Found Oda Vefa's Antique Weapon Boutique.
 36187 | D:13     | Noticed Urug
 36192 | D:13     | Killed Urug
 38486 | D:14     | Reached skill level 1 in Air Magic
 38535 | D:14     | Reached skill level 1 in Shields
 38637 | D:14     | Found a runed translucent gate.
 38637 | D:14     | Found a runed translucent gate.
 38637 | D:14     | Found a runed translucent gate.
 38638 | D:14     | Found an opulent altar of Gozag.
 38638 | D:14     | Noticed a tengu reaver
 38639 | D:14     | Noticed Ablot's ghost (journeyman GnSk)
 38924 | D:14     | Offered knowledge of Freezing Cloud by Vehumet.
 39077 | D:14     | Found a sacrificial altar of Ru.
 39309 | D:15     | Entered Level 15 of the Dungeon
 40814 | D:15     | Found a staircase to the Depths.
 40887 | D:15     | Noticed Jorgrun
 40898 | D:15     | Killed Jorgrun
 41932 | Orc:1    | Entered Level 1 of the Orcish Mines
 42085 | Orc:1    | Offered knowledge of Spellforged Servitor by Vehumet.
 42337 | Orc:2    | Entered Level 2 of the Orcish Mines
 43442 | Orc:2    | Reached skill level 15 in Ice Magic
 43544 | Orc:2    | Reached XP level 16. HP: 143/143 MP: 31/31
 43877 | Orc:2    | Found a roughly hewn altar of Beogh.
 43904 | Orc:2    | Reached skill level 5 in Air Magic
 44109 | Orc:2    | Found Jizi's Magic Scroll Emporium.
 44119 | Orc:2    | Found Koaqeh's Food Shoppe.
 45045 | Orc:2    | Found a roughly hewn altar of Beogh.
 45234 | Orc:2    | Offered knowledge of Orb of Destruction by Vehumet.
 45235 | Orc:2    | Found Wacaehe's Antique Armour Shoppe.
 45256 | Orc:2    | Learned a level 7 spell: Orb of Destruction
 45384 | Orc:2    | Bought a pair of embroidered boots for 195 gold pieces
 45384 | Orc:2    | Bought a runed shield for 195 gold pieces
 45442 | Orc:2    | Found Xemozig's Jewellery Boutique.
 46132 | Orc:2    | Found a staircase to the Elven Halls.
 46570 | D:8      | Bought a potion of curing for 33 gold pieces
 46570 | D:8      | Bought a potion of curing for 33 gold pieces
 46701 | Orc:2    | Bought a scroll of amnesia for 63 gold pieces
 46701 | Orc:2    | Bought a scroll of teleportation for 54 gold pieces
 46701 | Orc:2    | Bought a scroll of fear for 63 gold pieces
 46701 | Orc:2    | Bought a scroll of fear for 63 gold pieces
 46701 | Orc:2    | Bought a scroll of teleportation for 54 gold pieces
 46701 | Orc:2    | Bought a scroll of brand weapon for 360 gold pieces
 46701 | Orc:2    | Bought a scroll of teleportation for 54 gold pieces
 47085 | D:9      | Upgraded the game from 0.25-a0-41-g6cf4ce537d to
                  | 0.25-a0-42-g6c54e25894
 47158 | Snake:1  | Entered Level 1 of the Snake Pit
 47939 | Snake:1  | Reached skill level 5 in Shields
 48407 | Snake:1  | Found a runed translucent door.
 50858 | Snake:3  | Identified the ring of the Voivode {Fire Dex+4}
 51647 | Snake:2  | Reached XP level 17. HP: 134/149 MP: 18/33
 52392 | Snake:2  | Noticed Aizul
 52401 | Snake:2  | Killed Aizul
 53095 | Snake:2  | Reached skill level 10 in Shields
 53546 | Snake:3  | Found a hazy altar of Hepliaklqana.
 54198 | Snake:3  | Identified the +10 dagger of the End {freeze, *Drain +Rage
                  | SInv}
 54279 | Snake:4  | Entered Level 4 of the Snake Pit
 55963 | Snake:4  | Reached ****** piety under Vehumet
 57373 | Snake:4  | Learned a level 4 spell: Summon Lightning Spire
 57579 | Snake:4  | Reached skill level 1 in Summonings
 59539 | Snake:4  | Reached XP level 18. HP: 140/157 MP: 35/35
 60266 | Snake:4  | Got a serpentine rune of Zot
 60660 | Vaults:1 | Entered Level 1 of the Vaults
 60673 | Vaults:1 | Reached skill level 5 in Summonings
 62537 | Vaults:1 | Offered knowledge of Fire Storm by Vehumet.
 62537 | Vaults:1 | Offered knowledge of Glaciate by Vehumet.
 62537 | Vaults:1 | Offered knowledge of Chain Lightning by Vehumet.
 63573 | Vaults:1 | Found Loegin's Antique Weapon Emporium.
 65024 | Vaults:2 | Reached skill level 15 in Shields
 66879 | Vaults:2 | Reached XP level 19. HP: 161/163 MP: 29/36
 68149 | Vaults:3 | Reached skill level 15 in Conjurations
 69826 | Vaults:3 | You are sucked into a shaft and drop 1 floor!
 71876 | Vaults:4 | Identified a scroll of acquirement
 71882 | Vaults:4 | Got an ancient hat
 71883 | Vaults:4 | Identified the +0 hat "Roogabb" {MR- Dex+6} (You acquired
                  | it on level 4 of the Vaults)
 72070 | Vaults:3 | Found a staircase to the Crypt.
 72070 | Vaults:3 | Found a basalt altar of Yredelemnul.
 72071 | Vaults:3 | Found an ancient bone altar of Kikubaaqudgha.
 73034 | Vaults:3 | Reached XP level 20. HP: 118/171 MP: 8/37
 73432 | Vaults:3 | Found Miyg Weg's Food Shoppe.
 75199 | D:12     | Killed Erolcha
 75346 | D:14     | Killed Ablot's ghost
 75732 | Lair:4   | Killed Samekhe's ghost
 76143 | Snake:1  | Got a pair of bloodstained gloves
 76144 | Snake:1  | Identified the +2 pair of gloves of Dishonesty {+Inv MR+
                  | Str+3 Dex-5} (You acquired it on level 1 of the Snake Pit)
 76397 | D:9      | Upgraded the game from 0.25-a0-42-g6c54e25894 to
                  | 0.25-a0-50-gf0389da217
 76670 | Depths:1 | Entered Level 1 of the Depths
 77345 | Depths:1 | You are sucked into a shaft and drop 1 floor!
 77866 | Depths:1 | Found a one-way gate to the infinite horrors of the Abyss.
 78454 | Depths:1 | Found a one-way gate leading to the halls of Pandemonium.
 78592 | Depths:1 | Found a gateway to Hell.
 81051 | Depths:2 | Found the +8 arc blade {discharge, rElec}
 81059 | Depths:2 | Reached XP level 21. HP: 137/178 MP: 38/39
 82180 | Depths:2 | Found the +3 Elemental Staff {rElec rF++ rC++ MR++ AC+5}
 82190 | Depths:2 | Identified the Disquisition on Earth and Beguiling
 82554 | Depths:3 | Noticed the Enchantress
 82586 | Depths:3 | Killed the Enchantress
 83252 | Depths:3 | Reached skill level 15 in Spellcasting
 83263 | Depths:3 | Learned a level 9 spell: Glaciate
 84100 | Depths:3 | Found a runed translucent gate.
 84114 | Depths:3 | You are sucked into a shaft and drop 2 floors!
 84114 | Depths:5 | Entered Level 5 of the Depths
 86233 | Depths:5 | Noticed a golden dragon
 86240 | Depths:5 | Killed a golden dragon
 86578 | Depths:5 | Found a gate to the Realm of Zot.
 87282 | Depths:5 | Reached skill level 15 in Fighting
 87512 | Depths:5 | Got a pair of faintly glowing boots
 87523 | Depths:5 | Identified the +1 pair of boots of the Archfiend {Str+3}
                  | (You acquired it on level 5 of the Depths)
 87634 | Depths:4 | Identified the cursed +0 mace of the Orcish Mines {freeze,
                  | rC+ MR+ Dex+2}
 87658 | Depths:5 | Reached XP level 22. HP: 181/192 MP: 27/42
 88713 | Depths:4 | Found Vuixkoyff's Jewellery Shoppe.
 88713 | Depths:4 | Found Lyecvaes's Gadget Boutique.
 88714 | Depths:4 | Found Jenotz's Gadget Boutique.
 88723 | Depths:4 | Bought a wand of acid (12) for 384 gold pieces
 88727 | Depths:4 | Bought a wand of digging (3) for 238 gold pieces
 88727 | Depths:4 | Bought a wand of digging (6) for 340 gold pieces
 88727 | Depths:4 | Bought a wand of acid (11) for 510 gold pieces
 89399 | Depths:4 | Found a gateway to a ziggurat.
 89631 | Depths:3 | Identified the +10 scimitar of the Eggplant {holy, rElec
                  | rF- Int+4 Dex+5}
 89796 | Depths:3 | Found Yvyux's Antique Armour Shoppe.
 89800 | Depths:3 | Found Vigom's Antique Armour Emporium.
 89801 | Depths:3 | Found Egekas's Armour Shoppe.
 89915 | Depths:3 | Noticed a golden dragon
 89919 | Depths:3 | Killed a golden dragon
 89923 | Depths:3 | Noticed a juggernaut
 89927 | Depths:3 | Killed a juggernaut
 90068 | Depths:3 | Noticed a caustic shrike
 90071 | Depths:3 | Killed a caustic shrike
 90130 | Depths:3 | Noticed a juggernaut
 90144 | Depths:3 | Killed a juggernaut
 90305 | Depths:3 | Found the +8 glaive of the Guard {elec, +Rage AC+5 SInv}
 90635 | Depths:3 | Found a runed translucent gate.
 90635 | Depths:3 | Found a runed translucent gate.
 90648 | Depths:3 | Noticed Fiygea Boloq's ghost (legendary TrMo)
 90650 | Depths:3 | Found a viscous altar of Jiyva.
 90651 | Depths:3 | Noticed a caustic shrike
 90657 | Depths:3 | Killed a caustic shrike
 91217 | Depths:3 | Found a runed translucent gate.
 91218 | Depths:3 | Found a runed translucent gate.
 91219 | Depths:3 | Found a runed translucent gate.
 91221 | Depths:3 | Found a viscous altar of Jiyva.
 91233 | Depths:3 | Found Yvyux's Antique Armour Shoppe.
 91251 | Depths:3 | Found Egekas's Armour Shoppe.
 91256 | Depths:3 | Found Vigom's Antique Armour Emporium.
 92000 | Depths:2 | Killed Fiygea Boloq's ghost
 92721 | Depths:3 | Got a heavily runed steel ring
 92722 | Depths:3 | Identified the ring "Upoel" {MP+9 Int-5 Dex-4 SInv Stlth+}
                  | (You found it on level 3 of the Depths)
 93173 | Vaults:3 | Bought a ration for 70 gold pieces
 93173 | Vaults:3 | Bought a ration for 70 gold pieces
 93173 | Vaults:3 | Bought a ration for 70 gold pieces
 93173 | Vaults:3 | Bought a ration for 70 gold pieces
 93173 | Vaults:3 | Bought a ration for 70 gold pieces
 93173 | Vaults:3 | Bought a ration for 70 gold pieces
 93173 | Vaults:3 | Bought a ration for 70 gold pieces
 93173 | Vaults:3 | Bought a ration for 70 gold pieces
 93173 | Vaults:3 | Bought a ration for 70 gold pieces
 93173 | Vaults:3 | Bought a ration for 70 gold pieces
 93173 | Vaults:3 | Bought a ration for 70 gold pieces
 93173 | Vaults:3 | Bought a ration for 70 gold pieces
 93514 | Orc:2    | Bought a ration for 60 gold pieces
 93514 | Orc:2    | Bought a ration for 60 gold pieces
 93514 | Orc:2    | Bought a ration for 60 gold pieces
 93514 | Orc:2    | Bought a ration for 60 gold pieces
 93514 | Orc:2    | Bought a ration for 60 gold pieces
 93514 | Orc:2    | Bought a ration for 60 gold pieces
 93514 | Orc:2    | Bought a ration for 60 gold pieces
 93514 | Orc:2    | Bought a ration for 60 gold pieces
 93514 | Orc:2    | Bought a ration for 60 gold pieces
 93514 | Orc:2    | Bought a ration for 60 gold pieces
 93514 | Orc:2    | Bought a ration for 60 gold pieces
 93514 | Orc:2    | Bought a ration for 60 gold pieces
 93514 | Orc:2    | Bought a ration for 60 gold pieces
 93584 | Elf:1    | Entered Level 1 of the Elven Halls
 95042 | Elf:1    | Noticed Frances
 95053 | Elf:1    | Killed Frances
 95212 | Elf:1    | Found a shimmering blue altar of Sif Muna.
 96325 | Elf:2    | Reached XP level 23. HP: 153/201 MP: 22/43
 96961 | Elf:2    | Noticed Saint Roka
 96980 | Elf:2    | Killed Saint Roka
 97606 | Elf:2    | Found a huge runed translucent gate.
 97606 | Elf:2    | Found a huge runed translucent gate.
 97606 | Elf:2    | Found a huge runed translucent gate.
 97606 | Elf:2    | Found a huge runed translucent gate.
 97608 | Elf:2    | Found a huge runed translucent gate.
 99137 | Elf:3    | Entered Level 3 of the Elven Halls
 99137 | Elf:3    | Found Visoure's Weapon Emporium.
100218 | Elf:3    | Noticed Mara
100227 | Elf:3    | Killed Mara
100915 | Elf:3    | Identified the ring "Eckes" {Fire +Inv Int+2 SInv Stlth+}
                  | (You acquired it on level 3 of the Elven Halls)
100922 | Elf:3    | Got a pitted steel ring
100923 | Elf:3    | Identified the ring "Piot" {+Blink rF+ MR+} (You acquired
                  | it on level 3 of the Elven Halls)
100928 | Elf:3    | Got a clouded pewter ring
100929 | Elf:3    | Identified the ring "Firchaekh" {+Fly rElec rF++ rC+ Str-3}
                  | (You acquired it on level 3 of the Elven Halls)
101029 | Elf:1    | Learned a level 6 spell: Deflect Missiles
101179 | Elf:3    | Reached skill level 1 in Charms
101455 | Elf:3    | Identified the ring "Hyloaqubb" {Slay+2 Stlth-}
101618 | Elf:3    | Noticed Donald
101628 | Elf:3    | Killed Donald
102419 | Elf:3    | Identified the Incunabulum of the Burning Traveller
102860 | Shoals:1 | Entered Level 1 of the Shoals
103052 | Shoals:1 | Reached skill level 5 in Charms
104244 | Shoals:2 | Found Qemuleisk's Antique Weapon Emporium.
105807 | Shoals:2 | Bought a fine flail for 161 gold pieces
105808 | Shoals:2 | Identified the +4 flail "Fauhig" {flame, rC+ Str+4 Int-4
                  | Dex+2} (You bought it in a shop on level 2 of the Shoals)
106001 | Shoals:3 | Reached XP level 24. HP: 214/214 MP: 43/43
106460 | Shoals:3 | Found a frozen archway.
106469 | IceCv    | Entered an ice cave
106717 | IceCv    | Got an ancient dagger
106718 | IceCv    | Identified the +6 dagger "Gunoheusch" {pierce, rF+} (You
                  | found it in an ice cave)
107160 | IceCv    | Got a faintly humming cloak
107161 | IceCv    | Identified the +2 cloak of the Eleven Gods {Dex+3 SInv}
                  | (You acquired it in an ice cave)
108169 | IceCv    | Got a shimmering hat
108170 | IceCv    | Identified the +0 hat of Qazlal's Displeasure {Dex+6} (You
                  | found it in an ice cave)
108176 | IceCv    | Identified the Grimoire of Beguiling
108988 | Shoals:4 | Entered Level 4 of the Shoals
110421 | Shoals:4 | Got a barnacled rune of Zot
110638 | Shoals:4 | Identified the +3 flail of the Assorted Lives {holy, rF+
                  | Str+3 Dex+4}
111690 | Slime:1  | Entered Level 1 of the Pits of Slime
111859 | Slime:2  | Reached skill level 10 in Dodging
112459 | Slime:4  | Gained mutation: You are somewhat resistant to further
                  | mutation. [a shining eye]
112713 | Slime:5  | Entered Level 5 of the Pits of Slime
112920 | Slime:5  | Reached XP level 25. HP: 212/221 MP: 13/44
112960 | Slime:5  | Reached skill level 10 in Air Magic
112987 | Slime:5  | Noticed the Royal Jelly
113397 | Slime:5  | Found a viscous altar of Jiyva.
113425 | Slime:5  | Killed the Royal Jelly
113775 | Slime:5  | Got a pitted golden ring
113776 | Slime:5  | Identified the ring of the Traitor {rPois rC- EV+3 Int+4
                  | Slay+6} (You found it on level 5 of the Pits of Slime)
113786 | Slime:5  | Identified the Handbook of Circular Logic
113788 | Slime:5  | Identified the Papyrus of the Congealing Arsonist
113848 | Slime:5  | Got a warped wooden ring
113849 | Slime:5  | Identified the ring "Ziodghor" {*Tele Int+2} (You found it
                  | on level 5 of the Pits of Slime)
113868 | Slime:5  | Got a slimy rune of Zot
113976 | Slime:1  | Gained mutation: Your body sometimes deteriorates upon
                  | taking damage. [a shining eye]
114637 | D:9      | Learned a level 2 spell: Passwall
114637 | D:9      | Upgraded the game from 0.25-a0-50-gf0389da217 to
                  | 0.25-a0-55-g0753fd1ad2
114971 | Zot:1    | Entered Level 1 of the Realm of Zot
115468 | Zot:1    | Learned a level 5 spell: Dispel Undead
115668 | Zot:1    | Reached skill level 1 in Necromancy
117921 | Zot:2    | Noticed a Killer Klown
117923 | Zot:2    | Noticed a Killer Klown
117924 | Zot:2    | Killed a Killer Klown
117924 | Zot:2    | Noticed a Killer Klown
117929 | Zot:2    | Noticed a Killer Klown
117931 | Zot:2    | Noticed an ancient lich
117932 | Zot:2    | Noticed a Killer Klown
118382 | Zot:2    | Killed a Killer Klown
118382 | Zot:2    | Reached skill level 5 in Necromancy
118604 | Zot:2    | Killed a Killer Klown
118797 | Zot:2    | Killed an ancient lich
119030 | Zot:2    | Killed a Killer Klown
119030 | Zot:2    | Reached skill level 15 in Air Magic
119249 | Zot:2    | Reached XP level 26. HP: 132/228 MP: 11/44
120406 | Zot:3    | Engulfed by a cloud of freezing vapour

Levels and vault maps discovered:
D:1:      minmay_arrival_checkered_box, layout_basic,
          ebering_dispersal_statue_hall
D:2:      layout_basic, lemuel_doored_altar, first_ration
D:3:      layout_rooms, ebering_ghost_gozag, elyvilon_altar_4, uniq_terence
D:4:      layout_basic, uniq_blork_the_orc
D:5:      layout_loops_cross, minmay_temple_entry_wispy
D:6:      layout_loops_ring, gammafunk_ghost_gnarly_gnolls
D:7:      kennysheep_spiral_hall, layout_basic, st_stairs_5
D:8:      layout_basic, nicolae_overflow_hidden_temple,
          gammafunk_temple_overflow_arena, serial_shops, shop
D:9:      layout_loops_ring, lair_entry_dummy, zombieorc1_lemuel,
          okawaru_altar_gauntlet_db, uniq_psyche
D:10:     layout_roguey, minmay_shattered_shrine
D:11:     layout_roguey, serial_shops, nicolae_shop_trees
D:12:     layout_stronghold, grunt_livestock, uniq_erolcha, uniq_maurice
D:13:     layout_layer_cave, skrybe_vaults_entry_preservation, basic_altar,
          serial_shops, shop, uniq_urug
D:14:     layout_basic, ebering_ghost_gozag, old_standard_altar
D:15:     hangedman_depths_entry_try_elsewhere_first, layout_layer_cave,
          minmay_misc_feat_ornament, special_room [special_room_bee],
          serial_bayou_lake_a, uniq_jorgrun
Temple:   regret_index_temple_mists
Lair:1:   layout_regular_city, chequers_serial_rivers_large_b, st_stairs_12,
          minmay_lair_oklob_chamber
Lair:2:   layout_regular_city, minmay_shoals_entry_hut,
          chequers_serial_rivers_micro_c, minmay_stone_trees_large,
          uniq_gastronok
Lair:3:   layout_cave_shapes, minmay_snake_entry_six_corridors
Lair:4:   layout_loops_ring, ebering_ghost_funeral_grove, lemuel_fruit_tree,
          grunt_megastairs_1
Lair:5:   layout_hall_layers, nicolae_lair_yak_garden, uniq_rupert
Lair:6:   hangedman_lair_caniforms_friends, layout_cave_pods,
          hangedman_lair_tendril_chambers, dpeg_slime_entry_corner,
          grunt_megastairs_5, serial_bayou_shore_b, uniq_kirke, uniq_nessos
Shoals:1: layout_shoals, nicolae_shoals_stone_sculpture_thing,
          nicolae_shoals_mertower
Shoals:2: layout_shoals, nicolae_shoals_c_island
Shoals:3: cheibrodos_shoals_gigantism, layout_shoals,
          portal_ice_cave_entry_pillars_2
Shoals:4: shoals_end_grunt_ice, layout_shoals, nicolae_shoals_drake_roost
Snake:1:  dpeg_oklob_gauntlet, layout_onion, lightli_airlock
Snake:2:  layout_gridlike, grunt_ministairs_6, st_stairs_13, grunt_megastairs_4,
          uniq_aizul
Snake:3:  layout_onion_interference, lemuel_oklob_altar
Snake:4:  grunt_snake_rune_serpentine_throne, layout_cave_town
Slime:1:  layout_caves
Slime:2:  layout_caves
Slime:3:  layout_caves
Slime:4:  layout_caves
Slime:5
Orc:1:    layout_caves
Orc:2:    pubby_orc_utopia
Elf:1:    eino_elf_arrival_shootout, layout_geoelf_diagonals, minivault_28,
          david_defended_altar_elf, uniq_frances
Elf:2:    layout_onion_city, grunt_ministairs_15, einodemon_barbed_minivault,
          uniq_saint_roka
Elf:3:    elf_hall_gauntlet_narrow, layout_geoelf_diagonals, serial_shops,
          shop_statue, uniq_donald, uniq_mara
Vaults:1: nicolae_vaults_network_square, nicolae_vaults_windows_and_doors_thing,
          ontoclasm_vaults_gallery, nicolae_vaults_network_periphery,
          nicolae_vaults_sealed_display, nicolae_vaults_specimen_jars,
          v_misc_27, layout_vaults_quadrants, mu_enter_wizlab_1, serial_shops,
          shop
Vaults:2: vaults_room_pool, ontoclasm_vaults_ligature, v_misc_27,
          nicolae_vaults_an_arrangement, v_alt_pattern_1, vaults_dpeg_doors,
          layout_vaults_chaotic_city
Vaults:3: v_pattern_2, nicolae_vaults_network_barrier, v_misc_10,
          vaults_room_fours, nicolae_vaults_circle_grid_a,
          nicolae_vaults_statue_guard, minmay_crypt_entry_necro_gods,
          vaults_room_boxed, hangedman_vaults_corner,
          hangedman_vaults_corner_blocks, vaults_dpeg_ring,
          layout_vaults_omnicross, serial_shops, shop
Vaults:4: v_pattern_3, vaults_room_large_hall, v_misc_27, v_misc_25, v_misc_26,
          hangedman_vaults_capsules, vaults_mumra_chevron, v_alt_pattern_2,
          hangedman_vaults_stretched_pinwheel, v_misc_18, v_alt_pattern_1,
          vaults_room_stairs_pillars, layout_vaults_ring
Depths:1: layout_cave_pools, hellmouth_1, rand_demon_pan_entry_7, abyss_entry,
          lemuel_flamethrower_3
Depths:2: minmay_the_grid_octo_tiled_squarecenter_mashed
          [minmay_the_grid_octo_odd_swirl, minmay_the_grid_octo_fan_narrow,
          minmay_the_grid_octo_focus, minmay_the_grid_octo_toaster,
          minmay_the_grid_square_5x5_megaprize_diamond,
          minmay_the_grid_square_5x5_two_walls_a,
          minmay_the_grid_square_5x5_shrine1,
          minmay_the_grid_square_5x5_spiral_small,
          minmay_the_grid_square_5x5_c], layout_honeycomb,
          chequers_serial_rivers_micro_b, lightli_too_deep,
          minmay_staircase_windowed_large
Depths:3: minmay_guarded_unrand_guard, layout_gridlike, grunt_pan_entry_spiral,
          pf_hell_entry_tar_river, abyss_entry, gammafunk_ghost_ooze,
          minmay_shop_star, uniq_enchantress
Depths:4: minmay_open_boxes_in_corner, layout_long_grid, enter_ziggurat_b,
          abyss_entry_small_statue_room, pf_vacation_house_of_asmodeus,
          minmay_staircase_statues, firewood_loft, minmay_shop_grove
Depths:5: evilmike_zot_entry_basic, layout_gridlike, interstate_on_off,
          grunt_hell_entry_dis_old, minmay_metal_thing
Zot:1:    layout_twisted_circle
Zot:2:    ebering_klown_carousel, layout_basic
Zot:3:    layout_basic, hangedman_elemental_grid_stream

Table legend:
 A = Non-vault XP
 B = Vault XP
 C = Vault XP percentage of total XP
 D = Non-vault monster count
 E = Vault monster count
 F = Vault count percentage of total count
                 A         B        C        D         E       F
            +---------+---------+-------+---------+---------+-------
      Total |  749754 |  589096 |  44.0 |    1595 |     956 |  37.5
            +---------+---------+-------+---------+---------+-------
        D:1 |      54 |       0 |   0.0 |      29 |       0 |   0.0
        D:2 |     213 |       0 |   0.0 |      36 |       0 |   0.0
        D:3 |      74 |     355 |  82.8 |      28 |       7 |  20.0
        D:4 |     867 |      85 |   8.9 |      26 |       1 |   3.7
        D:5 |     772 |       0 |   0.0 |      25 |       0 |   0.0
        D:6 |     268 |     366 |  57.7 |       8 |      11 |  57.9
        D:7 |     821 |     388 |  32.1 |      13 |       5 |  27.8
        D:8 |    1140 |    1353 |  54.3 |      26 |       5 |  16.1
        D:9 |    3848 |    1062 |  21.6 |      34 |      36 |  51.4
       D:10 |    4562 |    4289 |  48.5 |      41 |      15 |  26.8
       D:11 |    5665 |       0 |   0.0 |      38 |       0 |   0.0
       D:12 |    6880 |    2454 |  26.3 |      41 |       7 |  14.6
       D:13 |   10761 |    4381 |  28.9 |      46 |      10 |  17.9
       D:14 |    8551 |    3721 |  30.3 |      24 |       7 |  22.6
       D:15 |    8882 |    8003 |  47.4 |      32 |      20 |  38.5
     Lair:1 |    1223 |    1399 |  53.4 |       6 |       4 |  40.0
     Lair:2 |    5159 |    2608 |  33.6 |      25 |       2 |   7.4
     Lair:3 |    2922 |    2949 |  50.2 |       9 |      16 |  64.0
     Lair:4 |    6054 |    5991 |  49.7 |      21 |      13 |  38.2
     Lair:5 |    5750 |    5767 |  50.1 |      25 |       8 |  24.2
     Lair:6 |   14321 |   22062 |  60.6 |      35 |      92 |  72.4
   Shoals:1 |   10116 |    8222 |  44.8 |      23 |       9 |  28.1
   Shoals:2 |   19828 |       0 |   0.0 |      38 |       0 |   0.0
   Shoals:3 |   21021 |    4698 |  18.3 |      42 |       3 |   6.7
   Shoals:4 |   19002 |   22811 |  54.6 |      38 |      43 |  53.1
    Snake:1 |   18518 |    5787 |  23.8 |      45 |      14 |  23.7
    Snake:2 |   18952 |    9532 |  33.5 |      31 |      16 |  34.0
    Snake:3 |   19662 |    1447 |   6.9 |      35 |       3 |   7.9
    Snake:4 |   18987 |   39740 |  67.7 |      37 |      55 |  59.8
    Slime:1 |   16631 |       0 |   0.0 |      21 |       0 |   0.0
    Slime:2 |   29325 |       0 |   0.0 |      31 |       0 |   0.0
    Slime:3 |   24424 |       0 |   0.0 |      24 |       0 |   0.0
    Slime:4 |   18139 |       0 |   0.0 |      29 |       0 |   0.0
    Slime:5 |   16955 |   28725 |  62.9 |      21 |      13 |  38.2
      Orc:1 |    3216 |       0 |   0.0 |      49 |       0 |   0.0
      Orc:2 |     176 |   19766 |  99.1 |       4 |     134 |  97.1
      Elf:1 |    9306 |   12032 |  56.4 |      14 |      20 |  58.8
      Elf:2 |   18570 |   33562 |  64.4 |      30 |      52 |  63.4
      Elf:3 |   20515 |   43541 |  68.0 |      35 |      28 |  44.4
   Vaults:1 |   29185 |   18362 |  38.6 |      69 |      34 |  33.0
   Vaults:2 |   26685 |    5261 |  16.5 |      55 |       7 |  11.3
   Vaults:3 |   36594 |   33290 |  47.6 |      66 |      39 |  37.1
   Vaults:4 |   19690 |   21514 |  52.2 |      41 |      38 |  48.1
   Depths:1 |   18883 |    5788 |  23.5 |      30 |      10 |  25.0
   Depths:2 |   32290 |   49531 |  60.5 |      44 |      31 |  41.3
   Depths:3 |   19479 |   67489 |  77.6 |      34 |      50 |  59.5
   Depths:4 |   24574 |   12729 |  34.1 |      31 |       8 |  20.5
   Depths:5 |   56880 |   19781 |  25.8 |      49 |      17 |  25.8
      Zot:1 |   46471 |       0 |   0.0 |      31 |       0 |   0.0
      Zot:2 |   38337 |   47927 |  55.6 |      24 |      16 |  40.0
      Zot:3 |    8556 |       0 |   0.0 |       6 |       0 |   0.0
      IceCv |       0 |   10328 | 100.0 |       0 |      57 | 100.0
            +---------+---------+-------+---------+---------+-------
